 Dungeon Crawl Stone Soup version 0.24.0-37-gcf1ca852f1 (webtiles) character file.

Game seed: 9525961347497969015, levelgen mode: deterministic

170 Iamsoldier the Insei (level 5, -3/41 HPs)
             Began as a Gnoll Transmuter on Nov 24, 2019.
             Killed by divine providence
             ... invoked by an orc priest
              (14 damage)
             ... on level 3 of the Dungeon.
             The game lasted 00:07:02 (3551 turns).

Iamsoldier the Insei (Gnoll Transmuter)             Turns: 3551, Time: 00:07:02

Health: -3/41      AC:  2    Str: 12    XL:     5   Next: 51%
Magic:  12/12      EV: 15    Int: 17    God:
Gold:   79         SH:  0    Dex: 15    Spells: 4/14 levels left

rFire    . . .     SeeInvis .     - Unarmed
rCold    . . .     Gourm    .   (no shield)
rNeg     . . .     Faith    .   m - +0 robe {MR+}
rPois    +         Spirit   .   (no helmet)
rElec    .         Reflect  .   (no cloak)
rCorr    .         Harm     .   (no gloves)
MR       ++...                  (no boots)
Stlth    ++........             j - amulet of magic regeneration
HPRegen  0.13/turn              e - ring of poison resistance
MPRegen  0.38/turn              k - ring of protection from magic

@: appendage
A: distributed training, fangs 1, horns 2, strong nose
a: End Transformation


You were on level 3 of the Dungeon.
You were not hungry.
You had grown temporary horns.
You visited 1 branch of the dungeon, and saw 3 of its levels.

You collected 79 gold pieces.

Inventory:

Missiles
 a - 70 arrows
Armour
 b - a +0 robe
 m - a +0 robe of magic resistance (worn)
Jewellery
 e - a ring of poison resistance (left hand)
 f - an uncursed ring of flight
 g - an uncursed ring of poison resistance
 j - an amulet of magic regeneration (around neck)
 k - a ring of protection from magic (right hand)
Scrolls
 h - a scroll of enchant weapon
 l - a scroll of identify
Potions
 c - a potion of berserk rage {unknown}
Comestibles
 d - 4 rations
 i - 4 chunks of flesh


   Skills:
 + Level 3.0 Fighting
 + Level 1.4 Short Blades
 + Level 1.4 Long Blades
 + Level 1.4 Axes
 + Level 1.4 Maces & Flails
 + Level 1.4 Polearms
 + Level 1.4 Staves
 + Level 1.4 Slings
 + Level 1.4 Bows
 + Level 1.4 Crossbows
 + Level 1.4 Throwing
 + Level 1.4 Armour
 + Level 4.8 Dodging
 + Level 1.4 Stealth
 + Level 1.4 Shields
 + Level 6.7 Unarmed Combat
 + Level 5.2 Spellcasting
 + Level 1.1 Conjurations
 + Level 1.1 Hexes
 + Level 1.1 Charms
 + Level 1.1 Summonings
 + Level 1.1 Necromancy
 + Level 1.1 Translocations
 + Level 3.9 Transmutations
 + Level 1.1 Fire Magic
 + Level 1.1 Ice Magic
 + Level 1.1 Air Magic
 + Level 1.1 Earth Magic
 + Level 1.1 Poison Magic
 + Level 1.6 Invocations
 + Level 1.4 Evocations


You had 4 spell levels left.
You knew the following spells:

 Your Spells              Type           Power        Failure   Level  Hunger
a - Beastly Appendage     Tmut           ###...       2%          1    None
b - Spider Form           Tmut/Pois      ##........   14%         3    ###....
c - Ice Form              Ice/Tmut       ##......     43%         4    ####...
d - Sticks to Snakes      Tmut           ###.....     4%          2    #......

Your spell library contained the following spells:

 Spells                   Type           Power        Failure   Level  Hunger
 Blade Hands              Tmut           ###.......   58%         5    ######.


Dungeon Overview and Level Annotations

Branches:
Dungeon (3/15)

Altars:


Innate Abilities, Weirdness & Mutations

Your experience applies equally to all skills.
You have very sharp teeth.
Your uncanny sense of smell can sniff out nearby items.
You have a pair of horns on your head.


Message History

The orc priest miscasts a cantrip.
Your transformation is almost over.
The orc priest mumbles some strange prayers to Beogh against you.
Beogh smites you!
* * * LOW HITPOINT WARNING * * *
Things that are here:
a +0 club; a +0 flail You start resting.
Your talons disappear.
You start resting.
The orc priest is too close now for your liking.
Casting: Beastly Appendage (safe; 2% risk of failure)
Confirm with . or Enter, or press ? or * to list all spells.
You grow a pair of large bovine horns.
The orc priest barely misses you.
Some of the chunks of flesh in your inventory have rotted away.
You hit the orc priest but do no damage.
You hit the orc priest but do no damage.
The orc priest invokes the aid of Beogh against you.
Beogh smites you!
You die...

########### #.........#
#.#######.# #.# #.##########
#.# #.##.[...... ∆ #.#
##.#......##
#.######........#.#
#.##.....#.....#o#
#.##.###.....(.@#.######
#......##.#....###.....######
#......##.##....#.####...o..#
#<........###.##)##
#.##...l... ##÷>...####
#.#### #.# .#....# #.....#
#.# ... ## ...# #####.### #.#
...[ ... ......# #.# #....#
.. #####.# #.# #....# .


You could see an orc priest.

Vanquished Creatures
  An orc priest (D:3)
  An orc wizard (D:3)
  5 adders
  An ooze (D:1)
  2 worms (D:3)
  2 leopard geckos (D:1)
  4 orcs (D:3)
  3 giant cockroaches
  10 goblins
  5 hobgoblins
  3 jackals (D:1)
  A quokka (D:2)
  3 bats
  3 frilled lizards
  6 kobolds (D:2)
  2 rats
52 creatures vanquished.

Notes
Turn   | Place    | Note
-------+----------+-------------------------------------------
     0 | D:1      | Iamsoldier the Gnoll Transmuter began the quest for the
                  | Orb.
     0 | D:1      | Reached XP level 1. HP: 17/17 MP: 6/6
   370 | D:1      | Reached XP level 2. HP: 8/23 MP: 5/7
  1389 | D:1      | Reached XP level 3. HP: 23/28 MP: 7/9
  1399 | D:1      | Reached skill level 5 in Spellcasting
  1710 | D:2      | Learned a level 3 spell: Spider Form
  1849 | D:2      | Reached skill level 1 in Invocations
  2131 | D:2      | Reached skill level 1 in Short Blades
  2131 | D:2      | Reached skill level 1 in Long Blades
  2131 | D:2      | Reached skill level 1 in Axes
  2131 | D:2      | Reached skill level 1 in Maces & Flails
  2131 | D:2      | Reached skill level 1 in Polearms
  2131 | D:2      | Reached skill level 1 in Staves
  2131 | D:2      | Reached skill level 1 in Slings
  2131 | D:2      | Reached skill level 1 in Bows
  2131 | D:2      | Reached skill level 1 in Crossbows
  2131 | D:2      | Reached skill level 1 in Throwing
  2131 | D:2      | Reached skill level 1 in Armour
  2131 | D:2      | Reached skill level 1 in Stealth
  2131 | D:2      | Reached skill level 1 in Shields
  2131 | D:2      | Reached skill level 1 in Evocations
  2140 | D:2      | Reached XP level 4. HP: 7/34 MP: 11/11
  2695 | D:2      | Learned a level 4 spell: Ice Form
  3040 | D:2      | Learned a level 2 spell: Sticks to Snakes
  3304 | D:3      | Reached skill level 1 in Conjurations
  3304 | D:3      | Reached skill level 1 in Hexes
  3304 | D:3      | Reached skill level 1 in Charms
  3304 | D:3      | Reached skill level 1 in Summonings
  3304 | D:3      | Reached skill level 1 in Necromancy
  3304 | D:3      | Reached skill level 1 in Translocations
  3304 | D:3      | Reached skill level 1 in Fire Magic
  3304 | D:3      | Reached skill level 1 in Ice Magic
  3304 | D:3      | Reached skill level 1 in Air Magic
  3304 | D:3      | Reached skill level 1 in Earth Magic
  3304 | D:3      | Reached skill level 1 in Poison Magic
  3455 | D:3      | Reached XP level 5. HP: 40/40 MP: 12/12
  3551 | D:3      | Killed from afar by an orc priest

Levels and vault maps discovered:
D:1:      zelgadis_glass_arrival_small, layout_loops_corners
D:2:      layout_loops_corners, first_ration
D:3:      layout_loops_ring, chequers_ecumenical_altar_simple_redux,
          minmay_misc_feat_iff, uniq_purgy

Skill      XL: |  1  2  3  4  5 |
---------------+----------------+-----
Spellcasting   | 5 |  5.2
Invocations    | 1 |  1.6
Short Blades   | 1 |  1.4
Long Blades    | 1 |  1.4
Axes           | 1 |  1.4
Maces & Flails | 1 |  1.4
Polearms       | 1 |  1.4
Staves         | 1 |  1.4
Slings         | 1 |  1.4
Bows           | 1 |  1.4
Crossbows      | 1 |  1.4
Throwing       | 1 |  1.4
Armour         | 1 |  1.4
Stealth        | 1 |  1.4
Shields        | 1 |  1.4
Evocations     | 1 |  1.4
Conjurations   | 1 |  1.1
Hexes          | 1 |  1.1
Charms         | 1 |  1.1
Summonings     | 1 |  1.1
Necromancy     | 1 |  1.1
Translocations | 1 |  1.1
Fire Magic     | 1 |  1.1
Ice Magic      | 1 |  1.1
Air Magic      | 1 |  1.1
Earth Magic    | 1 |  1.1
Poison Magic   | 1 |  1.1
Fighting       | 3 |  3.0
Dodging        | |  4.8
Unarmed Combat | |  6.7
Transmutations | |  3.9

Action                   |  1- 3 |  4- 6 || total
-------------------------+-------+-------++-------
Melee: Unarmed           |   139 |    76 ||   215
       Bite              |     8 |     3 ||    11
       Kick              |     7 |    10 ||    17
       Headbutt          |     4 |     4 ||     8
 Cast: Beastly Appendage |    15 |    15 ||    30
       Spider Form       |       |     1 ||     1
       Sticks to Snakes  |       |     1 ||     1
  Use: Scroll            |     5 |     2 ||     7
 Stab: Sleeping          |     1 |       ||     1
  Eat: Chunk             |     4 |     4 ||     8
Armor: Robe              |    17 |     4 ||    21
Dodge: Dodged            |    92 |    39 ||   131
